 Dungeon Crawl Stone Soup version 0.18-a0-1649-g8d9735b (webtiles) character file.

1861 dohliylev the Unseen (level 8, -1/53 HPs)
             Began as a Vampire Enchanter on Mar 29, 2016.
             Slain by a killer bee (3 damage)
             ... on level 8 of the Dungeon.
             The game lasted 00:36:55 (8464 turns).

dohliylev the Unseen (Vampire Enchanter)            Turns: 8464, Time: 00:36:56

Health: -1/53      AC:  7    Str:  7    XL:     8   Next: 89%
Magic:  10/25      EV: 13    Int: 17    God:
Gold:   202        SH:  0    Dex: 17    Spells: 3 memorised, 11 levels left

rFire  . . .     SeeInvis +     a - +1 dagger
rCold  + . .     Gourm    .     b - +1 robe
rNeg   + + .     Faith    .     (no shield)
rPois  +         Spirit   .     l - +0 helmet
rElec  .         Dismiss  .     (no cloak)
rCorr  .         Reflect  .     (no gloves)
SustAt .         Harm     .     y - +2 pair of boots {Stlth+}
MR     .....                    (no amulet)
Stlth  ++++++++..               r - ring of magical power (curse)
                                q - ring of see invisible

@: lethally poisoned (-1 -> -2), regenerating slowly, not resistant to hostile
enchantments, extraordinarily stealthy
A: fangs 3, see invisible, unbreathing
a: Bat Form


You were on level 8 of the Dungeon.
You were thirsty.

You visited 2 branches of the dungeon, and saw 9 of its levels.
You also visited: Sewer.

You collected 417 gold pieces.
You spent 215 gold pieces at shops.

Inventory:

Hand Weapons
 a - a +1 dagger (weapon)
 s - a +2 mace of protection
 z - a +0 blowgun
Missiles
 h - 48 poisoned needles
 D - 5 tomahawks (quivered)
Armour
 b - a +1 robe (worn)
 l - a +0 helmet (worn)
 y - a +2 pair of boots of stealth (worn)
Jewellery
 q - a ring of see invisible (left hand)
 r - a cursed ring of magical power (right hand)
 E - a cursed -3 ring of intelligence {unknown}
 G - an uncursed ring of flight {unknown}
Wands
 v - a wand of teleportation (3/9)
 B - a wand of confusion (30/48)
Scrolls
 f - 2 scrolls of recharging {unknown}
 i - 8 scrolls of identify
 j - 4 scrolls of remove curse {unknown}
 k - 2 scrolls of immolation {unknown}
 o - 2 scrolls of random uselessness {unknown}
 u - a scroll of enchant armour {unknown}
 C - a scroll of fear {unknown}
 H - a scroll of vulnerability {unknown}
Potions
 d - 6 potions of blood
 e - a potion of lignification {unknown}
 g - 3 potions of haste {unknown}
 m - 3 potions of heal wounds
 n - 2 potions of resistance {unknown}
 p - 4 potions of flight {unknown}
 t - a potion of cancellation {unknown}
 w - 3 potions of brilliance {unknown}
 F - a potion of curing {unknown}
Books
 c - a book of Maledictions

   Spells                             Type                      Level
   a - Corona                         Hexes                        1
   b - Ensorcelled Hibernation        Hexes/Ice                    2
   c - Confuse                        Hexes                        3
   d - Tukima's Dance                 Hexes                        3
   e - Dazzling Spray                 Conjuration/Hexes            3
 x - a book of Cantrips

   Spells                             Type                      Level
   a - Corona                         Hexes                        1
   b - Animate Skeleton               Necromancy                   1
   c - Summon Small Mammal            Summoning                    1
   d - Apportation                    Translocation                1
 A - a book of the Tempests

   Spells                             Type                      Level
   a - Static Discharge               Conjuration/Air              3
   b - Lightning Bolt                 Conjuration/Air              5
   c - Fireball                       Conjuration/Fire             5
   d - Tornado                        Air                          9
   e - Shatter                        Earth                        9


   Skills:
 - Level 0.6 Fighting
 - Level 1.3 Short Blades
 + Level 0.2 Throwing
 - Level 2.1 Dodging
 + Level 15.0 Stealth
 + Level 5.4 Spellcasting
 - Level 4.4 Hexes
 - Level 0.6 Ice Magic


You had 11 spell levels left.
You knew the following spells:

 Your Spells              Type           Power        Failure   Level  Hunger
a - Corona                Hex            ###....      2%          1    None
b - Ensorcelled Hibernat  Hex/Ice        ##....       10%         2    #......
c - Tukima's Dance        Hex            ###.....     10%         3    ##.....


Dungeon Overview and Level Annotations

Branches:
Dungeon (8/15)             Temple (1/1) D:7
   Lair: D:8-11

Altars:
Ashenzari
Cheibriados
Elyvilon
Fedhas
Gozag
Kikubaaqudgha
Makhleb
Nemelex Xobeh
Okawaru
Pakellas
Qazlal
Ru
Sif Muna
Trog
Vehumet
Xom
Yredelemnul
Zin
The Shining One

Shops:
D:6 [


Innate Abilities, Weirdness & Mutations

You heal slowly.
You have razor-sharp teeth.
You have supernaturally acute eyesight.
You can survive without breathing.


Message History

The killer bee closely misses you. The killer bee barely misses you.
You see here a chunk of flesh.
The killer bee barely misses you. The killer bee stings you.
* * * LOW HITPOINT WARNING * * *
The killer bee stings you but does no damage.
The killer bee stings you but does no damage.
The killer bee closely misses you. The killer bee stings you.
* * * LOW HITPOINT WARNING * * *
You see here a chunk of flesh.
The killer bee barely misses you. The killer bee completely misses you.
The killer bee barely misses you.
You feel sick.
The killer bee stings you but does no damage.
The killer bee completely misses you. The killer bee barely misses you.
The killer bee stings you.
* * * LOW HITPOINT WARNING * * *
The killer bee stings you.
* * * LOW HITPOINT WARNING * * *
The killer bee stings you.
You die...

#.....###.......#
#.....
#####.....#####.#
#####. #...%.#
#.########.
#.....#
#y....<....
##...%#
#.########.
#...y#####.# ##
#.##yy.....#
##.##y#####%#
#...@.# #.#
#..#### #.##### #
#..# #.....# ##
#.## #####.# #.
#.###########
#.####.
#..>........#
#......
#.#########.#
#...... #.# #.#
#......
#.#########.#
#......


You could see 4 killer bees.

Vanquished Creatures
  Psyche (D:8)
  A sky beast (D:5)
  An ogre (D:8)
  2 centaurs (D:7)
  A crocodile (D:8)
  A big kobold (Sewer)
  A giant frog (D:6)
  11 killer bees (D:8)
  A crimson imp (D:5)
  A giant frog zombie (D:6)
  A jelly (D:6)
  3 orc priests
  A centaur skeleton (D:4)
  An iguana (D:5)
  2 worker ants
  A killer bee zombie (D:8)
  4 gnolls (D:6)
  5 adders
  3 river rats (Sewer)
  An ooze (D:1)
  An adder skeleton (D:7)
  3 worms
  A giant gecko (D:4)
  21 orcs
  A ball python (D:1)
  6 giant cockroaches
  7 goblins
  2 hobgoblins
  5 jackals
  10 quokkas
  5 bats
  6 giant newts
  A jackal zombie (D:3)
  13 kobolds
  A quokka skeleton (D:8)
  9 rats
  2 butterflies (D:7)
137 creatures vanquished.

Notes
Turn   | Place    | Note
--------------------------------------------------------------
     0 | D:1      | dohliylev the Vampire Enchanter began the quest for the Orb.
     0 | D:1      | Reached XP level 1. HP: 13/13 MP: 3/3
   242 | D:1      | Reached skill level 5 in Stealth
   242 | D:1      | Reached XP level 2. HP: 9/19 MP: 3/5
  1302 | D:2      | Learned a level 2 spell: Ensorcelled Hibernation
  1353 | D:2      | Reached skill level 6 in Stealth
  1353 | D:2      | Reached XP level 3. HP: 13/25 MP: 3/6
  1669 | D:2      | Found a bloodstained altar of Trog.
  2177 | D:3      | Reached XP level 4. HP: 31/31 MP: 7/7
  2308 | D:3      | Found a sacrificial altar of Ru.
  2560 | D:3      | Found a bloodstained altar of Trog.
  2828 | D:3      | Reached skill level 7 in Stealth
  3019 | D:4      | Learned a level 3 spell: Tukima's Dance
  3424 | D:4      | Noticed an ogre
  4047 | D:5      | Entered Level 5 of the Dungeon
  4073 | D:5      | Found a glowing drain.
  4080 | Sewer    | Entered a sewer
  4102 | Sewer    | Reached XP level 5. HP: 22/36 MP: 1/8
  4212 | Sewer    | Reached skill level 8 in Stealth
  4644 | Sewer    | Reached skill level 9 in Stealth
  4773 | Sewer    | Found a glowing silver altar of Zin.
  4979 | D:5      | Noticed a sky beast
  4986 | D:5      | Killed a sky beast
  4986 | D:5      | Reached skill level 10 in Stealth
  4986 | D:5      | Reached XP level 6. HP: 42/42 MP: 9/9
  5171 | D:5      | Found a basalt altar of Yredelemnul.
  5171 | D:5      | Found a white marble altar of Elyvilon.
  5189 | D:5      | Found an opulent altar of Gozag.
  5538 | D:5      | Reached skill level 11 in Stealth
  5564 | D:5      | Found a radiant altar of Vehumet.
  5826 | D:6      | Found Lanny's Armour Shoppe.
  5832 | D:6      | Bought a +2 pair of boots of stealth for 215 gold pieces
  5861 | D:6      | Found an iron altar of Okawaru.
  5872 | D:6      | Reached XP level 7. HP: 47/47 MP: 11/11
  5933 | D:6      | Found a sacrificial altar of Ru.
  6094 | D:6      | You fall through a shaft!
  6166 | D:7      | Reached skill level 12 in Stealth
  6275 | D:7      | Found a staircase to the Ecumenical Temple.
  6284 | Temple   | Entered the Ecumenical Temple
  6658 | D:7      | Found a sparkling altar of Nemelex Xobeh.
  7880 | D:8      | Noticed Psyche
  7887 | D:8      | Killed Psyche
  7887 | D:8      | Reached skill level 13 in Stealth
  7887 | D:8      | Reached XP level 8. HP: 53/53 MP: 14/14
  7961 | D:8      | Reached skill level 14 in Stealth
  8090 | D:8      | Found a sparkling altar of Nemelex Xobeh.
  8329 | D:8      | Reached skill level 5 in Spellcasting
  8434 | D:8      | Reached skill level 15 in Stealth
  8463 | D:8      | HP: 2/53 [killer bee (3)]
  8464 | D:8      | Slain by a killer bee

Vault maps used:
D:1:      dpeg_arrival_round_c
D:2:      trog_three_pillars_becter
D:3:      old_standard_altar, nicolae_ru_sacrificial_ziggurat
D:4:      abandoned_shop
D:5:      kennysheep_mini_moat, gammafunk_temple_overflow_forgotten,
          first_bread, lightli_sewer_entry_pipes, minmay_misc_feat_four_crosses
D:6:      okawaru_gym_becter, nicolae_overflow_hidden_temple, basic_altar,
          serial_shops, shop_fountains, hangedman_abyss_or_decor_passed
D:7:      nemelex_xobeh_ov_fountains_minmay, minmay_temple_entry_butterflies
D:8:      eino_small_chamber_without_monster, david_nohive_1,
          nemelex_spade_bored_becter, uniq_psyche
Temple:   circular_temple_12
Sewer:    sewer_kobolds

Skill      XL: |  1  2  3  4  5  6  7  8 |
---------------+-------------------------+-----
Stealth        | 5 6 7 10 11 13 15 | 15.0
Spellcasting   | 4 5 |  5.4
Fighting       | |  0.6
Short Blades   | |  1.3
Throwing       | |  0.2
Dodging        | |  2.1
Hexes          | |  4.4
Ice Magic      | |  0.6

Action                   |  1- 3 |  4- 6 |  7- 9 || total
-------------------------+-------+-------+-------++-------
Melee: Dagger            |   108 |   123 |   123 ||   354
 Fire: Blowgun           |       |     3 |       ||     3
 Cast: Corona            |     6 |     5 |     8 ||    19
       Ensorcelled Hiber |    11 |    61 |    45 ||   117
 Abil: End Transformatio |       |     7 |       ||     7
       Bat Form          |       |     7 |       ||     7
  Use: Scroll            |       |     3 |       ||     3
       Potion            |       |     3 |     5 ||     8
 Stab: Sleeping          |    17 |    49 |    37 ||   103
       Distracted        |       |     1 |       ||     1
  Eat: Corpse            |       |     1 |       ||     1
